 Dungeon Crawl Stone Soup version 0.30-a0-335-ge5acde7520 (webtiles) character file.

Game seed: 10820684218272540475

1197 experimilk the Destroyer (level 8, -6/66 HPs)
             Began as a Yellow Draconian Conjurer on Oct 30, 2022.
             Was an Initiate of Fedhas.
             Engulfed by a steam dragon's steam (7 damage)
             ... on level 5 of the Dungeon.
             The game lasted 00:19:30 (7745 turns).

experimilk the Destroyer (DrCj)                     Turns: 7745, Time: 00:19:30

Health: -6/66      AC:  7    Str:  9    XL:     8   Next: 20%
Magic:  11/11      EV: 13    Int: 21    God:    Fedhas [......]
Gold:   279        SH:  0    Dex: 22    Spells: 1/11 levels left

rFire   . . .      SeeInvis .    e - +1 halberd (vamp)
rCold   . . .      Faith    .    (shield currently unavailable)
rNeg    . . .      Spirit   .    (body armour unavailable)
rPois   .          Reflect  .    (helmet restricted)
rElec   .          Harm     .    (no cloak)
rCorr   +          Rampage  .    (no gloves)
Will    .....                    m - +0 pair of boots
Stlth   ++........               (no amulet)
HPRegen 0.31/turn                l - +6 ring of dexterity
MPRegen 0.12/turn                A - +6 ring of dexterity

@: brilliant, about to teleport
A: spit acid, AC +6, unfitting armour, cold-blooded, acid resistance
a: Breathe Acid, Renounce Religion


You were on level 5 of the Dungeon.
You worshipped Fedhas.
Fedhas was noncommittal.
You visited 2 branches of the dungeon, and saw 6 of its levels.

You collected 279 gold pieces.

Inventory:

Hand Weapons
 e - a +1 vampiric halberd (weapon)
 f - a +0 long sword
Missiles
 q - 2 throwing nets
Armour
 j - a +0 kite shield
 m - a +0 pair of boots (worn)
Magical Staves
 g - a staff of earth
Jewellery
 l - a +6 ring of dexterity (left hand)
 A - a +6 ring of dexterity (right hand)
Wands
 y - a wand of digging (8)
Scrolls
 n - a scroll of teleportation
 o - 2 scrolls of enchant weapon {unknown}
 p - a scroll of noise {unknown}
 t - 4 scrolls of identify
 u - a scroll of fear {unknown}
 x - a scroll of vulnerability {unknown}
 z - a scroll of acquirement {unknown}
Potions
 a - a potion of magic
 b - 2 potions of lignification {unknown}
 c - 3 potions of haste
 d - a potion of experience {unknown}
 h - 2 potions of attraction {unknown}
 i - 2 potions of brilliance
 k - a potion of ambrosia {unknown}
 r - a potion of heal wounds {unknown}
 s - a potion of invisibility {unknown}
 v - a potion of curing {unknown}
 w - 2 potions of mutation {unknown}


   Skills:
 - Level 4.0 Fighting
 + Level 2.0 Dodging
 - Level 1.7 Stealth
 - Level 2.0 Spellcasting
 * Level 9.4 Conjurations
 + Level 2.8 Translocations


You had one spell level left.
You knew the following spells:

 Your Spells              Type           Power      Damage    Failure   Level
a - Magic Dart            Conj           100%       1d8       1%          1
c - Iskenderun's Mystic   Conj/Tloc      41%        2d9       12%         4
x - Dazzling Flash        Conj/Hex       64%        N/A       6%          3
z - Searing Ray           Conj           100%       2d8       1%          2

Your spell library contained the following spells:

 Spells                   Type           Power      Damage    Failure   Level
 Apportation              Tloc           42%        N/A       4%          1
 Gell's Gravitas          Tloc           21%        N/A       14%         3
 Teleport Other           Tloc           21%        N/A       14%         3
 Fulminant Prism          Conj/Hex       16%        3d10      22%         4
 Alistair's Intoxication  Tmut/Pois      2%         N/A       99%         5
 Dispersal                Tloc           10%        N/A       100%        6
 Chain Lightning          Conj/Air       16%        3d21      100%        9
 Fire Storm               Conj/Fire      16%        8d4       100%        9
 Shatter                  Erth           1%         3d6*      100%        9


Dungeon Overview and Level Annotations

Branches:
Dungeon (5/15)             Temple (1/1) D:5

Altars:
Ashenzari
Cheibriados
Dithmenos
Elyvilon
Fedhas
Makhleb
Nemelex Xobeh
Okawaru
Qazlal
Ru
Sif Muna
Trog
Vehumet
Zin
The Shining One


Innate Abilities, Weirdness & Mutations

You can spit globs of acid.
Your golden yellow scales are hard. (AC +6)
You cannot fit into any form of body armour.
You are cold-blooded and may be slowed by cold attacks.
You are resistant to acid. (rCorr)


Message History

You closely miss the steam dragon.
The steam dragon is lightly wounded.
The steam dragon misses you.
The steam dragon claws you but does no damage.
The steam dragon bites you but does no damage.
The steam dragon misses you.
You closely miss the steam dragon.
The steam dragon is lightly wounded.
The steam dragon bites you. The steam dragon misses you.
You puncture the steam dragon!
The steam dragon is severely wounded.
The steam dragon bites you.
The steam dragon claws you but does no damage.
The gnoll sergeant hits you from afar with a +2 trident of holy wrath!
The steam dragon misses you. The steam dragon barely misses you.
The gnoll sergeant hits you from afar with a +2 trident of holy wrath!
You hit the steam dragon.
You tail-slap the steam dragon, but do no damage.
The steam dragon is severely wounded.
A centaur comes into view.
The steam dragon breathes steam at you. The ball of steam hits you!
* * * LOW HITPOINT WARNING * * *
The gnoll sergeant misses you.
The centaur shouts!
As you read the scroll of teleportation, it crumbles to dust.
You feel strangely unstable.
You are engulfed in a cloud of scalding steam.
* * * LOW HITPOINT WARNING * * *
The steam dragon bites you.
* * * LOW HITPOINT WARNING * * *
The steam dragon closely misses you.
The gnoll sergeant hits you from afar with a +2 trident of holy wrath.
* * * LOW HITPOINT WARNING * * *
Unknown command.
It was a potion of brilliance.
You feel clever all of a sudden.
You are engulfed in a cloud of scalding steam.
You die...
Fedhas appreciates your contribution to the ecosystem.

...# ...# ...# ###### #######
##....##### ......# #.####§#c!#
......# #.# #§#![# .##..######.#
#@###..# .###'#....#.####D# ####
..#..#....##..#g## #..#
..#..#....##..#c #..#
..#..#...####'#. #..#
..#..#...'....#. #..#
..#..#...#.88.## ##..##
######..)#.88.########....#######
.......#'#....#.....##.#####.....


You could see a steam dragon (catching breath), a gnoll sergeant and 2 centaurs.

Vanquished Creatures
  Grinder (D:3)
  An ogre (D:5)
  2 phantoms
  A necrophage (D:5)
  3 scorpions
  A gnoll sergeant (D:5)
  Blork the orc (D:5)
  2 jellies (D:5)
  2 hounds
  Terence (D:3)
  8 gnolls
  6 adders
  4 white imps
  2 worms
  4 dart slugs
  9 orcs
  5 endoplasms
  3 giant cockroaches
  8 goblins
  3 hobgoblins
  10 jackals
  4 quokkas
  7 ball pythons
  4 bats
  6 frilled lizards
  3 kobolds
  4 rats
105 creatures vanquished.

Vanquished Creatures (others)
  2 plants (D:1)
2 creatures vanquished.

Grand Total: 107 creatures vanquished

Notes
Turn   | Place    | Note
-------+----------+-------------------------------------------
     0 | D:1      | experimilk the Draconian Conjurer began the quest for the
                  | Orb.
     0 | D:1      | Reached XP level 1. HP: 14/14 MP: 3/3
   192 | D:1      | Reached XP level 2. HP: 20/20 MP: 1/5
   381 | D:1      | Learned a level 2 spell: Searing Ray
   966 | D:2      | Reached skill level 5 in Conjurations
  1014 | D:2      | Reached XP level 3. HP: 26/26 MP: 1/6
  1169 | D:2      | Learned a level 3 spell: Dazzling Flash
  1716 | D:2      | Reached XP level 4. HP: 16/33 MP: 0/7
  2453 | D:3      | Noticed a scorpion
  2465 | D:3      | Killed a scorpion
  2466 | D:3      | Reached skill level 6 in Conjurations
  2466 | D:3      | Reached skill level 1 in Fighting
  2466 | D:3      | Reached XP level 5. HP: 32/40 MP: 2/8
  2525 | D:3      | Noticed Terence
  2530 | D:3      | Killed Terence
  2772 | D:3      | Found a stormy altar of Qazlal.
  3181 | D:3      | Noticed Grinder
  3192 | D:3      | Killed Grinder
  3193 | D:3      | Reached skill level 7 in Conjurations
  3193 | D:3      | Reached XP level 6. HP: 42/48 MP: 2/9
  3345 | D:3      | Identified the +5 ring mail "Beruuqe" {-Tele *Corrode
                  | Will+++ Dex+8}
  4013 | D:4      | Reached skill level 8 in Conjurations
  4783 | D:5      | Entered Level 5 of the Dungeon
  5028 | D:5      | Your scales start taking on a golden yellow colour.
  5028 | D:5      | Reached XP level 7. HP: 56/56 MP: 4/10
  5028 | D:5      | Gained mutation: You are resistant to acid. (rCorr) [Yellow
                  | Draconian growth]
  5077 | D:5      | Learned a level 4 spell: Iskenderun's Mystic Blast
  5381 | D:5      | Reached skill level 1 in Translocations
  5566 | D:5      | Noticed Blork the orc
  5572 | D:5      | Killed Blork the orc
  6504 | D:5      | Found a staircase to the Ecumenical Temple.
  6519 | Temple   | Entered the Ecumenical Temple
  6696 | Temple   | Became a worshipper of Fedhas Madash
  6736 | D:5      | Reached skill level 9 in Conjurations
  6736 | D:5      | Reached XP level 8. HP: 66/66 MP: 3/11
  7744 | D:5      | HP: 1/66 [gnoll sergeant/+2 trident of holy wrath (4)]
  7745 | D:5      | Engulfed by a steam dragon's steam

Illustrated notes

Levels and vault maps discovered:
D:1:      eino_arrival_water_cross, layout_rooms, patterned_corridor
D:2:      layout_rooms
D:3:      layout_basic, overflow_temple_1_default, minmay_misc_feat_five,
          uniq_grinder, uniq_terence
D:4:      layout_basic, minmay_misc_feat_iff
D:5:      minmay_chambers_of_fours, layout_gridville, temple_fountains,
          uniq_blork_the_orc
Temple:   zaba_magenta_temple

Skill      XL: |  1  2  3  4  5  6  7  8 |
---------------+-------------------------+-----
Conjurations   | 5 6 7 8 9 |  9.4
Fighting       | 1 2 3 4 |  4.0
Dodging        | 2 |  2.0
Translocations | 2 |  2.8
Stealth        | |  1.7
Spellcasting   | |  2.0

Action                   |  1- 3 |  4- 6 |  7- 9 || total
-------------------------+-------+-------+-------++-------
Melee: Club              |    24 |       |       ||    24
       Tailslap          |     7 |     1 |     4 ||    12
       Unarmed           |     3 |       |       ||     3
       Long sword        |     6 |     1 |       ||     7
       Halberd           |       |    15 |    30 ||    45
 Cast: Magic Dart        |    39 |    40 |    17 ||    96
       Searing Ray       |     8 |    15 |    18 ||    41
       Iskenderun's Myst |       |       |     3 ||     3
  Use: Scroll            |       |     3 |     1 ||     4
       Potion            |       |       |     1 ||     1
 Stab: Sleeping          |       |     1 |       ||     1
Armor: Skin              |    20 |    15 |    23 ||    58
Dodge: Dodged            |    37 |    23 |    48 ||   108

Table legend: (Time is in decaauts)
 A = Elapsed time spent in this place.
 B = Non-inter-level travel time spent in this place.
 C = Inter-level travel time spent in this place.
 D = Time resting spent in this place.
 E = Time spent auto-exploring this place.
 F = Levels seen in this place.
 G = Mean time per level.
                   A        B        C        D        E       F      G
               +--------+--------+--------+--------+--------+-----+--------+
         Total |   7780 |   7664 |    116 |   4333 |   1291 |   6 | 1296.7 |
       Dungeon |   7271 |   7155 |    116 |   4030 |   1241 |   5 | 1454.2 |
        Temple |    508 |    508 |      0 |    303 |     50 |   1 |  508.0 |
               +--------+--------+--------+--------+--------+-----+--------+

Top non-repeatable levels by time:
     D:5: 1975 daAuts
     D:4: 1807 daAuts
     D:3: 1288 daAuts
     D:2: 1256 daAuts
     D:1: 944 daAuts
  Temple: 508 daAuts
